 Dungeon Crawl Stone Soup version 0.31-a0-986-g5e6e4ef867 (webtiles) character file.

Game seed: 2911596581393176716

95662 quinnr the Stormcaller (level 16, -6/93 HPs)
             Began as a Tengu Air Elementalist on Nov 17, 2023.
             Was a High Priest of Vehumet.
             Mangled by a blizzard demon (16 damage)
             ... in an ice cave on Nov 18, 2023.
             The game lasted 01:12:06 (34019 turns).

quinnr the Stormcaller (Tengu Air Elementalist)    Turns: 34019, Time: 01:12:07

Health: -6/93      AC:  5    Str:  8      XL:     16   Next: 14%
Magic:  18/32      EV: 21    Int: 21 (23) God:    Vehumet [*****.]
Gold:   1373       SH:  5    Dex: 13 (16) Spells: 4/38 levels left

rFire   + . .        l - staff of air {!a}
rCold   + . .        c - +0 buckler
rNeg    . . .        I - +2 robe {rC+ rF+}
rPois   +            (helmet restricted)
rElec   +            s - scarf {repulsion}
rCorr   .            q - +0 pair of gloves
SInv    .            (boots unavailable)
Will    +....        S - amulet of magic regeneration
Stlth   +++          Z - ring of wizardry
HPRegen 0.35/turn    P - ring of poison resistance
MPRegen 0.63/turn

%: repel missiles, acrobat, wizardry (x1)
@: flying, slowed, studying Ranged Weapons, very slow
A: beak, talons 3, evasive flight, acrobatic, deterioration 1
a: Renounce Religion


You were in an ice cave.
You worshipped Vehumet.
Vehumet was extremely pleased with you.
You visited 5 branches of the dungeon, and saw 23 of its levels.
You also visited: Bailey and Ice Cave.

You collected 3624 gold pieces.
You spent 2251 gold pieces at shops.


Innate Abilities, Weirdness & Mutations

You have a beak for a mouth.
You have claws for feet.
Your magical flight helps you evade attacks. (EV +4)
You can magically evade attacks while moving or waiting.
Your body sometimes deteriorates upon taking damage.


   Skills:
 - Level 8.0 Fighting
 + Level 13.2 Dodging
 - Level 6.0 Stealth
 - Level 4.0 Shields
 + Level 11.9 Spellcasting
 - Level 10.0 Conjurations
 * Level 5.0 Ice Magic
 + Level 18.5 Air Magic
 - Level 10.0 Poison Magic
 - Level 6.0 Evocations


You had 4 spell levels left.
You knew the following spells:

 Your Spells              Type           Power      Damage    Failure   Level
a - Airstrike             Air            47%        2d(7-23)  1%          4
c - Maxwell's Capacitive  Air            47%        ∞         3%          8
f - Freezing Cloud        Conj/Ice/Air   36%        6-21      1%          5
i - Swiftness             Air            94%        N/A       0%          3
m - Mephitic Cloud        Conj/Pois/Air  79%        N/A       1%          3
p - Poisonous Vapours     Pois/Air       100%       N/A       1%          2
t - Static Discharge      Conj/Air       100%       3-8/arc   1%          2
z - Shock                 Conj/Air       100%       1d9       0%          1
X - Conjure Ball Lightni  Conj/Air       41%        3x3d13    1%          6

Your spell library contained the following spells:

 Spells                   Type           Power      Damage    Failure   Level
 Orb of Destruction       Conj           26%        9d9       13%         7
 Freeze                   Ice            100%       1d10      1%          1
 Kiss of Death            Conj/Necr      100%       2d13      1%          1
 Magic Dart               Conj           100%       1d8       1%          1
 Sting                    Tmut/Pois      100%       1d8       1%          1
 Cigotuvi's Dreadful Rot  Necr/Pois/Air  100%       N/A       1%          2
 Dazzling Flash           Conj/Hex       66%        N/A       1%          3
 Frozen Ramparts          Ice            66%        1d10      1%          3
 Hailstorm                Conj/Ice       44%        3d10      1%          3
 Olgreb's Toxic Radiance  Pois           53%        N/A       1%          4
 Vhi's Electric Charge    Tloc/Air       100%       N/A       1%          4
 Summon Small Mammal      Summ           48%        N/A       3%          1
 Volatile Blastmotes      Fire/Tloc      24%        2d12      3%          3
 Call Imp                 Summ           24%        N/A       4%          2
 Lesser Beckoning         Tloc           24%        N/A       4%          2
 Call Canine Familiar     Summ           12%        N/A       10%         3
 Gell's Gravitas          Tloc           12%        N/A       10%         3
 Sigil of Binding         Hex            12%        N/A       10%         3
 Summon Guardian Golem    Hex/Summ       12%        N/A       10%         3
 Teleport Other           Tloc           12%        N/A       10%         3
 Tukima's Dance           Hex            12%        N/A       10%         3
 Animate Dead             Necr           12%        N/A       32%         4
 Dispel Undead            Necr           12%        3d9       32%         4
 Manifold Assault         Tloc           12%        N/A       32%         4
 Plasma Beam              Fire/Air       33%        2x1d46    3%          6
 Starburst                Conj/Fire      16%        6d6       17%         6
 Borgnjor's Vile Clutch   Necr/Erth      6%         N/A       63%         5
 Chain Lightning          Conj/Air       41%        3d55      86%         9
 Death Channel            Necr           6%         N/A       99%         6
 Dispersal                Tloc           6%         N/A       99%         6
 Disjunction              Tloc           6%         N/A       100%        8

Inventory:

Missiles
 J - 5 throwing nets {=f}
Armour
 c - a +0 buckler (worn)
 q - a +0 pair of gloves (worn)
 s - a scarf of repulsion (worn)
 I - a +2 robe of resistance (worn)
Magical Staves
 l - a staff of air (weapon) {!a}
 w - a staff of death {!a}
Jewellery
 r - the ring "Huyrhila" {rF+ rN+ Stlth+}
   (You found it on level 2 of the Snake Pit)

   [ring of protection from fire]

   rF+:       It protects you from fire.
   rN+:       It protects you from negative energy.
   Stlth+:    It makes you more stealthy.
 v - a ring of see invisible
 P - a ring of poison resistance (right hand)
 S - an amulet of magic regeneration (around neck)
 Z - a ring of wizardry (left hand)
Wands
 p - a wand of mindburst (8)
 B - a wand of quicksilver (22)
 E - a wand of flame (98)
 H - a wand of polymorph (18)
 K - a wand of charming (13)
 L - a wand of digging (10)
 O - a wand of roots (53)
Scrolls
 e - a scroll of fear
 f - 3 scrolls of revelation
 k - 2 scrolls of amnesia
 o - 8 scrolls of fog
 x - 9 scrolls of teleportation {@r2}
 A - 5 scrolls of summoning
 V - a scroll of poison
Potions
 b - a potion of magic
 d - 4 potions of haste {@q3}
 g - 4 potions of heal wounds {@q2}
 h - 10 potions of curing {@q1}
 i - 4 potions of cancellation
 m - 2 potions of mutation
 z - 3 potions of brilliance
 G - 5 potions of enlightenment
 M - a potion of might
 U - 3 potions of berserk rage {!q}
Miscellaneous
 a - a box of beasts
 C - a lightning rod (4/4)

Dungeon Overview and Level Annotations

Branches:
Dungeon (13/15)            Temple (1/1) D:6            Lair (5/5) D:11
  Swamp (0/4) Lair:3        Snake (2/4) Lair:3        Slime (0/5) Lair:5
    Orc (2/2) D:12            Elf (0/3) Orc:2        Vaults (0/5) D:13
 Bailey (visited)           IceCv (1/1)

Altars:
Ashenzari
Cheibriados
Dithmenos
Elyvilon
Fedhas
Gozag
Hepliaklqana
Kikubaaqudgha
Makhleb
Nemelex Xobeh
Okawaru
Qazlal
Ru
Sif Muna
Trog
Uskayaw
Vehumet
Wu Jian
Xom
Yredelemnul
Zin
The Shining One
Jiyva

Shops:
D:4 *   D:5 :   D:7 *   Orc:2 ?[=?*

Annotations:
D:5 upvault
Lair:1 2 transporters, monsoonserge's ghost, journeyman MfSh
Lair:3 exclusion: downstairs IceCv exclusion: obsidian statue

# ##### ##☼.
#4.[## ##...#
n.⌠..# #....#
##2.. ####....#
#..# ##.....# #
#.2####.....## ##
##@..#....###
####☼
###....#######○°§§
#####..##§○§°☼☼§
#.#...☼○☼°.§
####...○☼.##
###.#..# ######


You could see 2 blizzard demons, an ice devil (fleeing) and a bog body
(wandering).


Message History

Unknown command.
Casting: Maxwell's Capacitive Coupling (dangerous; 3% risk of failure)
Confirm with . or Enter, or press ? or * to list all spells.
You feel a surge of power!
You begin accumulating electric charge. (Press . to continue charging.)
You feel charge building up...
You are engulfed in freezing vapours.
You resist.
* * * LOW HITPOINT WARNING * * *
The blizzard demon is engulfed in freezing vapours.
The blizzard demon waves its arms in wide circles.
The air twists around and strikes you!
* * * LOW HITPOINT WARNING * * *
The blizzard demon hits you.
* * * LOW HITPOINT WARNING * * *
The blizzard demon closely misses you.
Unknown command.
Unknown command.
As you read the scroll of fear, it crumbles to dust.
You assume a fearsome visage.
The ice devil looks frightened!
The blizzard demon resists with almost no effort.
The blizzard demon looks frightened!
The insufficient charge dissipates harmlessly.
The blizzard demon gestures at you. The bolt of lightning misses you. x2
The bolt of lightning hits the blizzard demon.
The blizzard demon completely resists.
The bolt of lightning misses the ice devil.
A bog body comes into view.
The blizzard demon barely misses you. The blizzard demon hits you!
You die...

Skill      XL: |  1  2  3  4  5  6  7  8  9 10 11 12 13 14 15 16 |
---------------+-------------------------------------------------+-----
Air Magic      | 5 6 7 8 9 11 13 14 17 18 | 18.5
Shields        | 1 2 3 4 |  4.0
Conjurations   | 2 3 5 9 10 | 10.0
Poison Magic   | 3 4 7 9 10 | 10.0
Spellcasting   | 3 4 5 8 10 11 | 11.9
Fighting       | 3 4 7 8 |  8.0
Dodging        | 4 7 10 11 13 | 13.2
Evocations     | 4 6 |  6.0
Stealth        | 6 |  6.0
Ice Magic      | 4 5 |  5.0

Action                     |  1- 3 |  4- 6 |  7- 9 | 10-12 | 13-15 | 16-18 || total
---------------------------+-------+-------+-------+-------+-------+-------++-------
  Melee: Unarmed           |     8 |       |       |       |       |       ||     8
         Peck              |     2 |       |     1 |     5 |     2 |     1 ||    11
         Kick              |     3 |       |     2 |    10 |     4 |       ||    19
         Staff             |       |       |     7 |    24 |    27 |     1 ||    59
   Cast: Shock             |    73 |   144 |    94 |    48 |    72 |       ||   431
         Airstrike         |       |     3 |    42 |   192 |   402 |     7 ||   646
         Static Discharge  |       |       |    22 |    22 |    36 |       ||    80
         Mephitic Cloud    |       |       |    12 |    54 |    74 |       ||   140
         Poisonous Vapours |       |       |    38 |   148 |   163 |       ||   349
         Swiftness         |       |       |     1 |       |     7 |     3 ||    11
         Conjure Ball Ligh |       |       |       |     6 |    22 |    22 ||    50
         Freezing Cloud    |       |       |       |       |    52 |     1 ||    53
         Maxwell's Capacit |       |       |       |       |     9 |     6 ||    15
  Evoke: Wand              |       |       |     4 |       |       |       ||     4
    Use: Scroll            |       |       |    12 |     7 |     8 |     2 ||    29
         Potion            |       |       |       |       |       |     1 ||     1
 Armour: Robe              |    10 |    13 |    48 |    72 |   149 |    81 ||   373
  Dodge: Dodged            |    57 |    15 |    51 |   106 |   171 |    24 ||   424
         Repelled          |       |       |     2 |     2 |     8 |     1 ||    13
  Block: Buckler           |     6 |     8 |    17 |    21 |    41 |     3 ||    96

Levels and vault maps discovered:
D:1:      lightli_arrival_quake, layout_basic
D:2:      minmay_thinvault, layout_loops_ring
D:3:      layout_loops_cross, mainiacjoe_overflow_tiny_flanked,
          dreamdust_ecumenical_altar_hidden_monk_grotto
D:4:      layout_cave_pools, serial_shops, kennysheep_little_box
D:5:      layout_loops_corners, grunt_dithmenos_smoke_and_mirrors,
          lemuel_mausoleum_altar_kikubaaqudgha, nicolae_take_the_stairs
D:6:      layout_basic, eat_drink_and_be_merry_uskayaw, temple_pool_b,
          uniq_duvessa, uniq_blork_the_orc, uniq_jeremiah
D:7:      layout_gridville, serial_shops, shop
D:8:      layout_rooms, general_overflow_altar, kennysheep_ying_yang,
          serial_glass, glass_columns_b, glass_columns_b, glass_columns_b,
          glass_columns_c, glass_columns_b, fountainhead, uniq_joseph,
          uniq_pikel
D:9:      layout_loops_corners, nicolae_ru_sacrificial_ziggurat,
          kennysheep_okawaru_gauntlet, enter_bailey_2,
          minmay_fractal_squares_gapless_5
D:10:     layout_loops_cross
D:11:     layout_gridville, lair_entry_dummy, led_xom_imps
D:12:     layout_stronghold, orc_david_3
D:13:     layout_stronghold, grunt_vaults_entry_tiered
Temple:   nicolae_temple_ecumenical_triangle
Lair:1:   layout_chaotic_city, gammafunk_ghost_abyssal_escape,
          amcnicky_mini_pool_medium
Lair:2:   layout_layer_cave, grunt_megastairs_1
Lair:3:   layout_chaotic_city, swamp_mist, nicolae_snake_entry_warm_welcome,
          lemuel_fruit_tree, grunt_megastairs_2, serial_bayou_shore_b
Lair:4:   nzn_motion_control, layout_big_grid
Lair:5:   minmay_lair_end_frog_pond, layout_hall_layers, slime_entry_1,
          st_stairs_7, uniq_josephine, uniq_sonja
Snake:1:  layout_concentric_octagons, uniq_asterion, uniq_nikola
Snake:2:  layout_onion_interference, portal_ice_cave_entry_horrid_things,
          serial_bayou_shore_a
Orc:1:    layout_diamond_mine, basic_altar
Orc:2:    kennysheep_orc_mage_school, layout_caves, ebering_ghost_disaster_area,
          serial_shops, shop
IceCv:    ice_cave_caverns_01

Notes
Turn   | Place    | Note
-------+----------+-------------------------------------------
     0 | D:1      | quinnr the Tengu Air Elementalist began the quest for the
                  | Orb.
     0 | D:1      | Reached XP level 1. HP: 10/10 MP: 4/4
    69 | D:1      | HP: 1/10 [frozen (3)]
   139 | D:1      | Reached XP level 2. HP: 15/15 MP: 1/6
   242 | D:1      | Reached skill level 5 in Air Magic
   547 | D:1      | Reached XP level 3. HP: 16/19 MP: 0/7
  1119 | D:2      | Reached skill level 1 in Shields
  1122 | D:2      | Learned a level 2 spell: Static Discharge
  1513 | D:2      | Reached XP level 4. HP: 24/24 MP: 5/8
  1557 | D:2      | Reached skill level 6 in Air Magic
  2425 | D:3      | Found a hazy altar of Hepliaklqana.
  2492 | D:3      | Reached skill level 2 in Shields
  2494 | D:3      | Reached XP level 5. HP: 28/28 MP: 5/9
  2731 | D:3      | Reached skill level 7 in Air Magic
  2916 | D:3      | Learned a level 4 spell: Airstrike
  3225 | D:3      | Found a faded altar of an unknown god.
  3436 | D:4      | Found Riob's General Store.
  3517 | D:4      | Reached XP level 6. HP: 32/32 MP: 4/10
  3606 | D:4      | Reached skill level 2 in Conjurations
  3873 | D:4      | Reached skill level 3 in Shields
  3873 | D:4      | Reached skill level 8 in Air Magic
  3975 | D:4      | Learned a level 3 spell: Mephitic Cloud
  4054 | D:4      | Gained mutation: Your magical flight helps you evade
                  | attacks. (EV +4) [Tengu growth]
  4054 | D:4      | Reached XP level 7. HP: 36/36 MP: 5/12
  4212 | D:4      | Reached skill level 3 in Conjurations
  4363 | D:5      | Entered Level 5 of the Dungeon
  4586 | D:5      | Found a shadowy altar of Dithmenos.
  4735 | D:5      | Found Tieduiry's Book Shoppe.
  4742 | D:5      | Reached skill level 1 in Poison Magic
  4976 | D:5      | Reached skill level 3 in Spellcasting
  5374 | D:5      | Reached skill level 9 in Air Magic
  5374 | D:5      | Reached skill level 2 in Poison Magic
  5418 | D:5      | Found an ancient bone altar of Kikubaaqudgha.
  5482 | D:5      | Reached skill level 4 in Shields
  5556 | D:5      | Reached skill level 3 in Poison Magic
  5556 | D:5      | Reached XP level 8. HP: 33/41 MP: 8/13
  5620 | D:5      | Reached skill level 4 in Poison Magic
  5824 | D:5      | Reached skill level 1 in Fighting
  6005 | D:5      | Learned a level 2 spell: Poisonous Vapours
  6098 | D:6      | Reached skill level 3 in Dodging
  6098 | D:6      | Reached skill level 4 in Conjurations
  6219 | D:6      | Reached skill level 2 in Fighting
  6396 | D:6      | Noticed Duvessa
  6396 | D:6      | Noticed Dowan
  6410 | D:6      | Found a staircase to the Ecumenical Temple.
  6415 | D:6      | Killed Dowan
  6421 | Temple   | Entered the Ecumenical Temple
  6491 | Temple   | Became a worshipper of Vehumet
  6505 | D:6      | Killed Duvessa
  6609 | D:6      | Reached skill level 4 in Spellcasting
  6751 | D:6      | Reached skill level 3 in Fighting
  6751 | D:6      | Reached skill level 4 in Dodging
  6751 | D:6      | Reached skill level 5 in Conjurations
  6751 | D:6      | Reached XP level 9. HP: 51/51 MP: 9/16
  6845 | D:6      | Noticed Blork the orc
  6862 | D:6      | Killed Blork the orc
  6870 | D:6      | Reached skill level 4 in Fighting
  7158 | D:6      | Noticed Jeremiah
  7166 | D:6      | Killed Jeremiah
  7167 | D:6      | Reached skill level 10 in Air Magic
  7333 | D:6      | Found a hide-covered altar of Uskayaw.
  7651 | D:6      | Reached * piety under Vehumet
  7651 | D:6      | Offered knowledge of Foxfire by Vehumet.
  8147 | D:7      | Reached skill level 1 in Evocations
  8172 | D:6      | Learned a level 3 spell: Swiftness
  8292 | D:7      | Reached skill level 11 in Air Magic
  8329 | D:7      | Reached skill level 2 in Evocations
  8504 | D:7      | Reached skill level 3 in Evocations
  8817 | D:7      | Reached skill level 5 in Spellcasting
  8989 | D:7      | Found Xexkidov's Assorted Antiques.
  8997 | D:7      | Bought a murky grey potion for 20 gold pieces
  8997 | D:7      | Bought a scroll of identify for 46 gold pieces
  9153 | D:8      | Noticed Joseph
  9269 | D:8      | Found a snail-covered altar of Cheibriados.
  9306 | D:8      | Reached skill level 4 in Evocations
  9348 | D:8      | Reached XP level 10. HP: 56/56 MP: 14/19
  9354 | D:8      | Reached skill level 6 in Spellcasting
  9458 | D:8      | Found a white marble altar of Elyvilon.
  9662 | D:8      | Killed Joseph
  9662 | D:8      | Reached ** piety under Vehumet
  9846 | D:8      | Reached skill level 7 in Spellcasting
  9917 | D:8      | Offered knowledge of Searing Ray by Vehumet.
 10092 | D:8      | Noticed Pikel
 10099 | D:8      | Killed Pikel
 10267 | D:8      | Found a basalt altar of Yredelemnul.
 10330 | D:8      | Reached skill level 5 in Poison Magic
 10455 | D:8      | Reached skill level 8 in Spellcasting
 10859 | D:8      | Reached skill level 6 in Poison Magic
 11023 | D:9      | Found a flagged portal.
 11040 | Bailey   | Entered a bailey
 11346 | Bailey   | Reached skill level 7 in Poison Magic
 11405 | Bailey   | Offered knowledge of Ignite Poison by Vehumet.
 11435 | Bailey   | Reached XP level 11. HP: 61/61 MP: 5/24
 11655 | Bailey   | Reached *** piety under Vehumet
 11659 | Bailey   | Reached skill level 8 in Poison Magic
 12278 | D:9      | Found a sacrificial altar of Ru.
 12330 | D:9      | Offered knowledge of Sticky Flame by Vehumet.
 12606 | D:9      | You are sucked into a shaft and drop 2 floors!
 12633 | D:10     | Entered Level 10 of the Dungeon
 12658 | D:11     | Reached skill level 9 in Poison Magic
 13184 | D:9      | Reached **** piety under Vehumet
 13829 | D:9      | Found an iron altar of Okawaru.
 13959 | D:10     | Reached skill level 5 in Dodging
 13964 | D:10     | Noticed a two-headed ogre
 14098 | D:10     | Offered knowledge of Flame Wave by Vehumet.
 14099 | D:10     | Reached skill level 5 in Fighting
 14345 | D:10     | Reached skill level 6 in Dodging
 14709 | D:10     | Killed a two-headed ogre
 14710 | D:10     | Reached skill level 6 in Fighting
 15241 | D:11     | Found a staircase to the Lair.
 15320 | D:13     | Identified the of Zeraim
 15320 | Lair:1   | Entered Level 1 of the Lair of Beasts
 15431 | Lair:1   | Reached skill level 7 in Dodging
 15839 | Lair:1   | Reached skill level 7 in Fighting
 15930 | Lair:1   | Found a transporter.
 15946 | Lair:1   | Noticed a white ugly thing
 15956 | Lair:1   | Found a transporter.
 15979 | Lair:1   | Noticed monsoonserge's ghost (journeyman MfSh)
 15998 | Lair:1   | Noticed a white ugly thing
 15999 | Lair:1   | Noticed a large abomination
 16079 | Lair:1   | Reached XP level 12. HP: 72/72 MP: 11/25
 16132 | Lair:1   | Reached skill level 8 in Dodging
 16464 | Lair:1   | Reached skill level 8 in Fighting
 16860 | Lair:2   | Reached skill level 9 in Dodging
 16998 | Lair:2   | Identified a scroll of acquirement
 16998 | Lair:2   | Identified the "Seubor" (You acquired it on level 2 of the
                  | Lair of Beasts)
 16998 | Lair:2   | Acquired the Volume of the Tempest
 17007 | Lair:2   | Learned a level 6 spell: Conjure Ball Lightning
 17279 | Lair:2   | Reached ***** piety under Vehumet
 17461 | Lair:2   | Offered knowledge of Spellforged Servitor by Vehumet.
 17959 | Lair:2   | Noticed a four-headed hydra
 17968 | Lair:2   | Killed a four-headed hydra
 17969 | Lair:2   | Reached skill level 6 in Conjurations
 18234 | Lair:2   | Noticed a skyshark
 18240 | Lair:2   | Killed a skyshark
 18426 | Lair:3   | Noticed an eight-headed hydra
 18430 | Lair:3   | Killed an eight-headed hydra
 18431 | Lair:3   | Reached skill level 10 in Dodging
 18539 | Lair:3   | Reached skill level 12 in Air Magic
 18625 | Lair:3   | Reached skill level 7 in Conjurations
 18861 | Lair:3   | Noticed a death yak
 18862 | Lair:3   | Noticed a death yak
 18865 | Lair:3   | Noticed a death yak
 18865 | Lair:3   | Noticed a death yak
 18872 | Lair:3   | Killed a death yak
 19179 | Lair:3   | Reached skill level 8 in Conjurations
 19407 | Lair:3   | Found a staircase to the Snake Pit.
 19497 | Lair:3   | Reached skill level 13 in Air Magic
 19574 | Lair:3   | Found a staircase to the Swamp.
 19634 | Lair:3   | Killed a death yak
 19635 | Lair:3   | Reached skill level 9 in Conjurations
 19635 | Lair:3   | Reached XP level 13. HP: 68/78 MP: 20/26
 20070 | Lair:3   | Reached skill level 10 in Conjurations
 20259 | Lair:4   | Reached skill level 14 in Air Magic
 20265 | Lair:4   | Learned a level 5 spell: Freezing Cloud
 20284 | Lair:5   | Entered Level 5 of the Lair of Beasts
 20295 | Lair:4   | Reached skill level 5 in Evocations
 20429 | Lair:4   | Reached skill level 6 in Evocations
 20447 | Lair:4   | Reached skill level 3 in Stealth
 20620 | Lair:4   | Reached skill level 4 in Stealth
 20623 | Lair:4   | Reached skill level 5 in Stealth
 21137 | Lair:4   | Reached skill level 6 in Stealth
 21514 | Lair:5   | Reached skill level 9 in Spellcasting
 21518 | Lair:5   | Noticed Josephine
 21523 | Lair:5   | Killed Josephine
 21578 | Lair:5   | Offered knowledge of Iskenderun's Mystic Blast by Vehumet.
 21686 | Lair:5   | Noticed Sonja
 21696 | Lair:5   | Killed Sonja
 21757 | Lair:5   | Reached skill level 10 in Spellcasting
 21757 | Lair:5   | Reached XP level 14. HP: 84/84 MP: 20/29
 22190 | Lair:4   | Learned a level 8 spell: Maxwell's Capacitive Coupling
 22241 | Lair:5   | Found a viscous altar of Jiyva.
 22241 | Lair:5   | Found a staircase to the Slime Pits.
 22278 | Lair:5   | Reached skill level 11 in Spellcasting
 22403 | Lair:5   | Reached skill level 15 in Air Magic
 22576 | Lair:5   | Identified the of Raekkoqyo (You acquired it on level 5 of
                  | the Lair of Beasts)
 22576 | Lair:5   | Acquired 862 gold pieces
 22993 | D:12     | Found a staircase to the Orcish Mines.
 23659 | D:11     | Found a shimmering altar of Xom.
 24624 | D:13     | Reached skill level 16 in Air Magic
 25246 | D:13     | Reached skill level 11 in Dodging
 25353 | D:13     | Found a gate to the Vaults.
 25644 | D:13     | Reached skill level 17 in Air Magic
 25732 | D:13     | Offered knowledge of Iskenderun's Battlesphere by Vehumet.
 25733 | D:13     | Reached XP level 15. HP: 88/88 MP: 16/31
 26074 | Orc:1    | Entered Level 1 of the Orcish Mines
 26271 | Orc:1    | Reached skill level 12 in Dodging
 26773 | Orc:2    | Entered Level 2 of the Orcish Mines
 26833 | Orc:2    | Found Buubicoomm's General Store.
 26846 | Orc:2    | Bought a scroll of identify for 36 gold pieces
 26846 | Orc:2    | Bought a scroll of enchant armour for 135 gold pieces
 26846 | Orc:2    | Bought a scroll of immolation for 72 gold pieces
 26846 | Orc:2    | Bought a scroll of fog for 72 gold pieces
 27168 | Orc:2    | Found a staircase to the Elven Halls.
 27451 | Orc:2    | Gained mutation: Your body sometimes deteriorates upon
                  | taking damage. [a neqoxec]
 27602 | Orc:2    | Identified a +2 robe of resistance
 27709 | Orc:2    | Paralysed by an orc sorcerer for 3 turns
 27933 | Orc:2    | Found a large runed translucent door.
 27933 | Orc:2    | Found a large runed translucent door.
 27935 | Orc:2    | Noticed jestert79's ghost (journeyman DsIE)
 28129 | Orc:2    | Found Ziskeb's Magic Scroll Shop.
 28136 | Orc:2    | Bought a scroll of identify for 32 gold pieces
 28136 | Orc:2    | Bought a scroll of identify for 32 gold pieces
 28136 | Orc:2    | Bought a scroll of vulnerability for 64 gold pieces
 28150 | Orc:2    | Found an ancient bone altar of Kikubaaqudgha.
 28169 | Orc:2    | Found Etawn's Antique Armour Boutique.
 28233 | Orc:2    | Found a radiant altar of Vehumet.
 28254 | Orc:2    | Found Upiaskoc's Jewellery Boutique.
 28293 | Orc:2    | Found Lucol's Magic Scroll Shop.
 28302 | Orc:2    | Bought a scroll of teleportation for 39 gold pieces
 28302 | Orc:2    | Bought a scroll of teleportation for 39 gold pieces
 28302 | Orc:2    | Bought a scroll of teleportation for 39 gold pieces
 28302 | Orc:2    | Bought a scroll of fog for 52 gold pieces
 28302 | Orc:2    | Bought a scroll of fog for 52 gold pieces
 28302 | Orc:2    | Bought a scroll of summoning for 123 gold pieces
 28392 | Orc:2    | Killed jestert79's ghost
 28903 | D:4      | Bought a scroll of poison for 40 gold pieces
 28903 | D:4      | Bought a wand of mindburst (8) for 112 gold pieces
 28903 | D:4      | Bought a +1 robe of resistance for 327 gold pieces
 28903 | D:4      | Bought a potion of enlightenment for 50 gold pieces
 29215 | Orc:2    | Bought a scroll of revelation for 120 gold pieces
 29215 | Orc:2    | Bought a scroll of fear for 64 gold pieces
 29238 | Orc:2    | Bought a dyed leather armour for 160 gold pieces
 29262 | Orc:2    | Bought a ring of see invisible for 225 gold pieces
 29262 | Orc:2    | Bought a ring of resist corrosion for 300 gold pieces
 29521 | Snake:1  | Entered Level 1 of the Snake Pit
 29819 | Snake:1  | Noticed Asterion
 29825 | Snake:1  | Noticed a balrug
 29829 | Snake:1  | Killed Asterion
 29830 | Snake:1  | Reached skill level 1 in Ice Magic
 29972 | Snake:1  | Reached skill level 18 in Air Magic
 30301 | Snake:1  | Reached skill level 2 in Ice Magic
 30425 | Snake:1  | Noticed Nikola
 30452 | Snake:1  | Killed Nikola
 30452 | Snake:1  | Offered knowledge of Orb of Destruction by Vehumet.
 30573 | Snake:1  | Reached skill level 10 in Poison Magic
 30634 | Snake:1  | Reached skill level 3 in Ice Magic
 30869 | Snake:2  | Identified the "Soibifedd"
 30890 | Snake:2  | Identified the ring "Huyrhila" {rF+ rN+ Stlth+}
 31001 | Snake:2  | Found a frozen archway.
 31007 | IceCv    | Entered an ice cave
 31194 | IceCv    | Reached skill level 13 in Dodging
 31680 | IceCv    | Reached skill level 4 in Ice Magic
 31902 | IceCv    | Reached XP level 16. HP: 25/93 MP: 21/32
 32578 | IceCv    | Identified the +2 scale mail "Qadoih" {Dex+2}
 32988 | IceCv    | HP: 7/93 [something (12)]
 33915 | IceCv    | Reached skill level 5 in Ice Magic
 34018 | IceCv    | HP: 9/93 [blizzard demon (2)]
 34019 | IceCv    | Mangled by a blizzard demon

Vanquished Creatures
  Nikola (Snake:1)
  Asterion (Snake:1)
  The ghost of jestert79 the Reanimator, a journeyman DsIE of Gozag (Orc:2)
  2 vault guards (D:13)
  Josephine (Lair:5)
  A caustic shrike simulacrum (IceCv)
  2 centaur warriors (D:13)
  4 hydras
  3 ogre magi (Orc:2)
  2 catoblepae (Lair:4)
  2 two-headed ogres
  5 naga warriors (Snake:1)
  9 death yaks
  2 shock serpents
  Sonja (Lair:5)
  3 skysharks
  5 naga sharpshooters
  7 spriggan simulacra (IceCv)
  2 arcanists (D:13)
  Pikel (D:8)
  2 mana vipers (Snake:1)
  2 necromancers (D:13)
  3 salamanders
  2 ugly things (D:13)
  8 orc sorcerers
  6 cyclopes
  4 manticores
  Joseph (D:8)
  A torpor snail (Lair:3)
  8 elephants
  3 gargoyles
  17 cane toads
  9 black mambas
  3 naga magi (Snake:1)
  Jeremiah (D:6)
  2 rime drakes
  5 freezing wraiths
  9 komodo dragons
  9 ice devils (IceCv)
  2 anaconda simulacra (IceCv)
  6 trolls
  2 polar bears
  A hornet (D:10)
  An alligator simulacrum (IceCv)
  A tyrant leech (Lair:5)
  17 blink frogs
  6 slime creatures (D:13)
  3 shadows
  6 wraiths
  4 wyverns
  6 basilisks
  30 yaks
  3 vampires
  10 vampire mosquitoes
  19 humans (D:13)
  2 steam dragons
  3 minotaur simulacra (IceCv)
  A harpy simulacrum (IceCv)
  11 nagas (Snake:1)
  3 acid dragons
  A warg (Orc:2)
  A naga (shapeshifter) (D:13)
  A hydra simulacrum (IceCv)
  8 water moccasins
  Duvessa (D:6)
  A hornet zombie (D:5)
  16 orc warriors
  An ice beast (D:6)
  2 black bears
  22 wolves
  4 ettin simulacra (IceCv)
  9 ogres
  10 centaurs
  A phantom (D:6)
  2 kobold brigands
  Blork the orc (D:6)
  10 gnoll sergeants
  3 scorpions
  15 bullfrogs
  9 deep troll simulacra (IceCv)
  3 necrophages (D:5)
  10 wights
  Dowan (D:6)
  2 lindwurm simulacra (IceCv)
  An electric eel (Lair:5)
  3 howler monkeys
  4 crimson imps (D:11)
  2 lava snakes (Lair:3)
  A bullfrog zombie (D:5)
  11 orc priests
  7 gnoll boudas
  2 jellies (D:7)
  4 hounds
  A human zombie (D:5)
  A scorpion zombie (D:5)
  A sleepcap (D:7)
  3 iguanas
  32 orc wizards
  2 hell rats (Lair:1)
  A killer bee zombie (D:5)
  A mummy (D:5)
  24 gnolls
  8 adders
  2 shadow imps
  2 white imps (D:7)
  6 ufetubi (D:6)
  An adder zombie (D:5)
  5 worms
  2 dart slugs
  64 orcs
  10 ball pythons
  10 endoplasms
  7 giant cockroaches
  10 goblins
  7 hobgoblins
  7 jackals
  3 quokkas
  10 bats
  6 frilled lizards
  21 kobolds
  8 rats
711 creatures vanquished.

Vanquished Creatures (collateral kills)
  6 ball lightnings
6 creatures vanquished.

Vanquished Creatures (others)
  An electric eel (Lair:5)
  107 ball lightnings
108 creatures vanquished.

Grand Total: 825 creatures vanquished

Table legend: (Time is in decaauts)
 A = Elapsed time spent in this place.
 B = Non-inter-level travel time spent in this place.
 C = Inter-level travel time spent in this place.
 D = Time resting spent in this place.
 E = Time spent auto-exploring this place.
 F = Levels seen in this place.
 G = Mean time per level.
                   A        B        C        D        E       F      G
               +--------+--------+--------+--------+--------+-----+--------+
         Total |  34076 |  31988 |   2088 |   4995 |  21477 |  25 | 1363.0 |
       Dungeon |  17851 |  16766 |   1085 |   1990 |  12178 |  13 | 1373.2 |
        Temple |     79 |     79 |      0 |     61 |      0 |   1 |   79.0 |
          Lair |   7657 |   7125 |    532 |   1371 |   4662 |   5 | 1531.4 |
     Snake Pit |   1486 |   1443 |     43 |     81 |   1062 |   2 |  743.0 |
  Orcish Mines |   2759 |   2332 |    427 |     51 |   1865 |   2 | 1379.5 |
        Bailey |   1221 |   1221 |      0 |     63 |    831 |   1 | 1221.0 |
      Ice Cave |   3019 |   3019 |      0 |   1378 |    879 |   1 | 3019.0 |
               +--------+--------+--------+--------+--------+-----+--------+

Top non-repeatable levels by time:
   IceCv: 3019 daAuts
     D:6: 2251 daAuts
  Lair:2: 2146 daAuts
     D:9: 1901 daAuts
   Orc:2: 1881 daAuts
     D:5: 1699 daAuts
  Lair:3: 1663 daAuts
  Lair:1: 1529 daAuts
     D:8: 1515 daAuts
    D:13: 1481 daAuts
     D:2: 1378 daAuts
 Snake:1: 1348 daAuts
     D:7: 1295 daAuts
  Lair:4: 1226 daAuts
  Bailey: 1221 daAuts

Table legend:
 A = Non-vault XP
 B = Vault XP
 C = Vault XP percentage of total XP
 D = Non-vault monster count
 E = Vault monster count
 F = Vault count percentage of total count
                 A         B        C        D         E       F
            +---------+---------+-------+---------+---------+-------
      Total |   76236 |   60424 |  44.2 |     451 |     261 |  36.7
            +---------+---------+-------+---------+---------+-------
        D:1 |      52 |       0 |   0.0 |      30 |       0 |   0.0
        D:2 |      45 |      45 |  50.0 |      18 |      18 |  50.0
        D:3 |     124 |       0 |   0.0 |      28 |       0 |   0.0
        D:4 |     400 |       0 |   0.0 |      26 |       0 |   0.0
        D:5 |     236 |     720 |  75.3 |       8 |      12 |  60.0
        D:6 |     990 |     685 |  40.9 |      36 |       4 |  10.0
        D:7 |    1195 |       0 |   0.0 |      22 |       0 |   0.0
        D:8 |    2487 |    1100 |  30.7 |      27 |       2 |   6.9
        D:9 |    1363 |     582 |  29.9 |      22 |       7 |  24.1
       D:10 |    3522 |       0 |   0.0 |      22 |       0 |   0.0
       D:11 |    2038 |     196 |   8.8 |       7 |       4 |  36.4
       D:12 |    3301 |     285 |   7.9 |      12 |       6 |  33.3
       D:13 |    8311 |    8007 |  49.1 |      24 |      25 |  51.0
     Lair:1 |    4528 |     513 |  10.2 |      18 |       3 |  14.3
     Lair:2 |    3642 |    1603 |  30.6 |      14 |       4 |  22.2
     Lair:3 |    7095 |    2249 |  24.1 |      16 |       9 |  36.0
     Lair:4 |    7648 |    3532 |  31.6 |      24 |       6 |  20.0
     Lair:5 |    7035 |   12451 |  63.9 |      18 |      43 |  70.5
    Snake:1 |   14584 |    4185 |  22.3 |      31 |       2 |   6.1
    Snake:2 |    2512 |     705 |  21.9 |       4 |       2 |  33.3
      Orc:1 |    2497 |       0 |   0.0 |      17 |       0 |   0.0
      Orc:2 |    2631 |    8559 |  76.5 |      27 |      35 |  56.5
     Bailey |       0 |    2111 | 100.0 |       0 |      36 | 100.0
      IceCv |       0 |   12896 | 100.0 |       0 |      43 | 100.0
            +---------+---------+-------+---------+---------+-------

Levels and vault maps discovered:
D:1:      lightli_arrival_quake, layout_basic
D:2:      minmay_thinvault, layout_loops_ring
D:3:      layout_loops_cross, mainiacjoe_overflow_tiny_flanked,
          dreamdust_ecumenical_altar_hidden_monk_grotto
D:4:      layout_cave_pools, serial_shops, kennysheep_little_box
D:5:      layout_loops_corners, grunt_dithmenos_smoke_and_mirrors,
          lemuel_mausoleum_altar_kikubaaqudgha, nicolae_take_the_stairs
D:6:      layout_basic, eat_drink_and_be_merry_uskayaw, temple_pool_b,
          uniq_duvessa, uniq_blork_the_orc, uniq_jeremiah
D:7:      layout_gridville, serial_shops, shop
D:8:      layout_rooms, general_overflow_altar, kennysheep_ying_yang,
          serial_glass, glass_columns_b, glass_columns_b, glass_columns_b,
          glass_columns_c, glass_columns_b, fountainhead, uniq_joseph,
          uniq_pikel
D:9:      layout_loops_corners, nicolae_ru_sacrificial_ziggurat,
          kennysheep_okawaru_gauntlet, enter_bailey_2,
          minmay_fractal_squares_gapless_5
D:10:     layout_loops_cross
D:11:     layout_gridville, lair_entry_dummy, led_xom_imps
D:12:     layout_stronghold, orc_david_3
D:13:     layout_stronghold, grunt_vaults_entry_tiered
Temple:   nicolae_temple_ecumenical_triangle
Lair:1:   layout_chaotic_city, gammafunk_ghost_abyssal_escape,
          amcnicky_mini_pool_medium
Lair:2:   layout_layer_cave, grunt_megastairs_1
Lair:3:   layout_chaotic_city, swamp_mist, nicolae_snake_entry_warm_welcome,
          lemuel_fruit_tree, grunt_megastairs_2, serial_bayou_shore_b
Lair:4:   nzn_motion_control, layout_big_grid
Lair:5:   minmay_lair_end_frog_pond, layout_hall_layers, slime_entry_1,
          st_stairs_7, uniq_josephine, uniq_sonja
Snake:1:  layout_concentric_octagons, uniq_asterion, uniq_nikola
Snake:2:  layout_onion_interference, portal_ice_cave_entry_horrid_things,
          serial_bayou_shore_a
Orc:1:    layout_diamond_mine, basic_altar
Orc:2:    kennysheep_orc_mage_school, layout_caves, ebering_ghost_disaster_area,
          serial_shops, shop
IceCv:    ice_cave_caverns_01
